NCAA
CONNECTICUT HUSKIES @ OKLAHOMA SOONERS
04/29/2026
 
TOP OF THE 1ST
Connecticut Huskies batting - Pitching for Oklahoma Sooners : RHP Neil Adams
Pitching: RHP Neil Adams
Batting: RHB Jake Osborn 0-0: Called Strike
0-1: Ball
1-1: Foul Ball, location: 2F
1-2: Ground out 1-3 (Groundball, 23)
Batting: RHB Thomas Moore 0-0: Ball
1-0: Called Strike
1-1: Foul Ball, location: 2F
1-2: Ball
2-2: Foul Ball, location: 2F
2-2: Fly out, F5 (Line Drive, 56S)
Batting: LHB Arthur MacDonald 0-0: Ball
1-0: Ball
2-0: Ground out U3 (Groundball, 3)
Top of the 1st over - 0 run(s), 0 hit(s), 0 error(s), 0 left on base; Connecticut 0 - Oklahoma 0
BOTTOM OF THE 1ST
Oklahoma Sooners batting - Pitching for Connecticut Huskies : RHP Artie Taylor
Pitching: RHP Artie Taylor
Batting: SHB Ryan Holcomb 0-0: Swinging Strike
0-1: Called Strike
0-2: Ground out 4-3 (Groundball, 4M)
Batting: RHB José Ramos 0-0: Called Strike
0-1: Ball
1-1: Ground out 1-3 (Groundball, 15)
Batting: SHB César Álvarez 0-0: Ground out U3 (Groundball, 3)
Bottom of the 1st over - 0 run(s), 0 hit(s), 0 error(s), 0 left on base; Connecticut 0 - Oklahoma 0
TOP OF THE 2ND
Connecticut Huskies batting - Pitching for Oklahoma Sooners : RHP Neil Adams
Batting: RHB Carlos Marino 0-0: Ball
1-0: Called Strike
1-1: Ball
2-1: Foul Ball, location: 2F
2-2: Strikes out swinging
Batting: RHB Eric Black 0-0: Called Strike
0-1: Swinging Strike
0-2: Ground out 6-3 (Groundball, 56)
Batting: SHB Dalton Rowe 0-0: Ball
1-0: Foul Ball, location: 2F
1-1: Ball
2-1: Foul Ball, location: 2F
2-2: Strikes out looking
Top of the 2nd over - 0 run(s), 0 hit(s), 0 error(s), 0 left on base; Connecticut 0 - Oklahoma 0
BOTTOM OF THE 2ND
Oklahoma Sooners batting - Pitching for Connecticut Huskies : RHP Artie Taylor
Batting: SHB Donald Reed 0-0: Ball
1-0: Called Strike
1-1: Fly out, F6 (Line Drive, 6M)
Batting: RHB Rafael Barajas 0-0: Called Strike
0-1: Called Strike
0-2: Foul Ball, location: 2F
0-2: Strikes out swinging
Batting: RHB Martín Rodríguez 0-0: Ball
1-0: Ball
2-0: Foul Ball, location: 2F
2-1: Foul Ball, location: 2F
2-2: Reached on error, E2 (Groundball, 2L)
Batting: LHB Larry Wright 0-0: Fly out, F6 (Line Drive, 6)
Bottom of the 2nd over - 0 run(s), 0 hit(s), 1 error(s), 1 left on base; Connecticut 0 - Oklahoma 0
TOP OF THE 3RD
Connecticut Huskies batting - Pitching for Oklahoma Sooners : RHP Neil Adams
Batting: RHB Terry Dalton 0-0: Ball
1-0: Ball
2-0: Ball
3-0: Called Strike
3-1: Base on Balls
Batting: RHB Michael Cobb 0-0: Fly out, F7 (Flyball, 7S)
Batting: RHB Ed Gaston 0-0: Ball
1-0: Ball
2-0: Ball
3-0: Called Strike
3-1: Base on Balls
Terry Dalton to second
Batting: RHB Jake Osborn 0-0: Ball
1-0: Called Strike
1-1: Ball
2-1: Ball
3-1: Called Strike
3-2: Base on Balls
Terry Dalton to third
Ed Gaston to second
Batting: RHB Thomas Moore 0-0: Ball
1-0: Called Strike
1-1: Called Strike
1-2: Ball
2-2: Ball
3-2: Base on Balls
Terry Dalton scores
Ed Gaston to third
Jake Osborn to second
Batting: LHB Arthur MacDonald 0-0: Ball
1-0: Ball
2-0: Called Strike
2-1: Foul Ball, location: 2F
2-2: Strikes out looking
Batting: RHB Carlos Marino 0-0: Called Strike
0-1: Called Strike
0-2: Ball
1-2: Ball
2-2: Strikes out swinging
Top of the 3rd over - 1 run(s), 0 hit(s), 0 error(s), 3 left on base; Connecticut 1 - Oklahoma 0
BOTTOM OF THE 3RD
Oklahoma Sooners batting - Pitching for Connecticut Huskies : RHP Artie Taylor
Now in RF: Joe Wright
Batting: RHB Scott Williams 0-0: Ball
1-0: Swinging Strike
1-1: Foul Ball, location: 2F
1-2: Foul Ball, location: 2F
1-2: Strikes out swinging
Batting: LHB Tristan Sims 0-0: Called Strike
0-1: Ball
1-1: Ground out 4-3 (Groundball, 4M)
Batting: SHB Ryan Holcomb 0-0: Ball
1-0: Ball
2-0: Called Strike
2-1: Fly out, F8 (Flyball, 8LM)
Bottom of the 3rd over - 0 run(s), 0 hit(s), 0 error(s), 0 left on base; Connecticut 1 - Oklahoma 0
TOP OF THE 4TH
Connecticut Huskies batting - Pitching for Oklahoma Sooners : RHP Neil Adams
Batting: RHB Eric Black 0-0: Ball
1-0: Ground out 6-3 (Groundball, 6)
Batting: SHB Dalton Rowe 0-0: Ball
1-0: Fly out, F7 (Flyball, 78M)
Batting: RHB Terry Dalton 0-0: Ball
1-0: Called Strike
1-1: Ball
2-1: Ball
3-1: SOLO HOME RUN (Flyball, 7D), Distance : 363 ft
Batting: RHB Michael Cobb 0-0: Foul Ball, location: 2F
0-1: Swinging Strike
0-2: Foul Ball, location: 2F
0-2: Ball
1-2: Ball
2-2: Ball
3-2: Base on Balls
Batting: RHB Ed Gaston 0-0: Ball
1-0: Ball
2-0: Called Strike
2-1: Fly out, F8 (Flyball, 8LD)
Top of the 4th over - 1 run(s), 1 hit(s), 0 error(s), 1 left on base; Connecticut 2 - Oklahoma 0
BOTTOM OF THE 4TH
Oklahoma Sooners batting - Pitching for Connecticut Huskies : RHP Artie Taylor
Batting: RHB José Ramos 0-0: Called Strike
0-1: Ball
1-1: Ball
2-1: Foul Ball, location: 2F
2-2: Ball
3-2: Base on Balls
Batting: SHB César Álvarez 0-0: Foul Ball, location: 2F
0-1: Ball
1-1: Ball
2-1: Fly out, F7 (Flyball, 7S)
Batting: SHB Donald Reed 0-0: Foul Ball, location: 2F
0-1: Ball
1-1: Fly out, F7 (Flyball, 78S)
Batting: RHB Rafael Barajas 0-0: Called Strike
0-1: Reached on error, E5 (Groundball, 56)
José Ramos to second
Batting: RHB Martín Rodríguez 0-0: Ball
1-0: Fielders Choice at 2nd, U4 (Groundball, 4M)
Bottom of the 4th over - 0 run(s), 0 hit(s), 1 error(s), 2 left on base; Connecticut 2 - Oklahoma 0
TOP OF THE 5TH
Connecticut Huskies batting - Pitching for Oklahoma Sooners : RHP Neil Adams
Batting: RHB Jake Osborn 0-0: Bunt for hit - play at first, batter OUT! 5-3
Pitching: RHP Edwin Cooper
Batting: RHB Thomas Moore 0-0: Ball
1-0: Called Strike
1-1: Ball
2-1: Swinging Strike
2-2: Ground out 6-3 (Groundball, 6)
Batting: RHB Joe Wright 0-0: Ground out 6-3 (Groundball, 6M)
Top of the 5th over - 0 run(s), 0 hit(s), 0 error(s), 0 left on base; Connecticut 2 - Oklahoma 0
BOTTOM OF THE 5TH
Oklahoma Sooners batting - Pitching for Connecticut Huskies : RHP Artie Taylor
Batting: LHB Larry Wright 0-0: Ball
1-0: Called Strike
1-1: Foul Ball, location: 2F
1-2: DOUBLE (Groundball, 5L)
Batting: RHB Scott Williams 0-0: Swinging Strike
0-1: Ball
Balk!
Larry Wright to third
1-1: Ground out 6-3 (Groundball, 6M)
Larry Wright scores
Batting: LHB Tristan Sims 0-0: SINGLE (Groundball, 4M)
Batting: SHB Ryan Holcomb 0-0: Ball
Tristan Sims is caught stealing 2nd base
1-0: Swinging Strike
1-1: Foul Ball, location: 2F
1-2: Ball
2-2: Fly out, F8 (Flyball, 8LM)
Bottom of the 5th over - 1 run(s), 2 hit(s), 0 error(s), 0 left on base; Connecticut 2 - Oklahoma 1
TOP OF THE 6TH
Connecticut Huskies batting - Pitching for Oklahoma Sooners : RHP Edwin Cooper
Batting: RHB Carlos Marino 0-0: SINGLE (Groundball, 3L)
Batting: RHB Eric Black 0-0: Ball
1-0: Ball
2-0: Fly out, F6 (Popup, 6MD)
Batting: SHB Dalton Rowe 0-0: Called Strike
0-1: Ball
1-1: Ball
2-1: Ball
3-1: Foul Ball, location: 2F
3-2: Strikes out looking
Batting: RHB Terry Dalton 0-0: Ball
Carlos Marino steals 2nd base
1-0: Called Strike
1-1: Swinging Strike
1-2: Ball
2-2: Strikes out swinging
Top of the 6th over - 0 run(s), 1 hit(s), 0 error(s), 1 left on base; Connecticut 2 - Oklahoma 1
BOTTOM OF THE 6TH
Oklahoma Sooners batting - Pitching for Connecticut Huskies : RHP Artie Taylor
Batting: RHB José Ramos 0-0: Ball
1-0: Foul Ball, location: 2F
1-1: Ball
2-1: Ground out 1-3 (Groundball, 15)
Batting: SHB César Álvarez 0-0: Foul Ball, location: 2F
0-1: Fly out, F8 (Flyball, 8RM)
Batting: SHB Donald Reed 0-0: Called Strike
0-1: Foul Ball, location: 2F
0-2: Foul Ball, location: 2F
0-2: Ball
1-2: Ball
2-2: SINGLE (Line Drive, 89S)
Batting: RHB Rafael Barajas 0-0: Ball
1-0: Foul Ball, location: 2F
1-1: Called Strike
Donald Reed steals 2nd base
1-2: Ball
2-2: Ball
3-2: Base on Balls
Pitching: RHP Paul Turner
Batting: RHB Martín Rodríguez 0-0: Ball
1-0: Called Strike
1-1: Foul Ball, location: 2F
1-2: Foul Ball, location: 2F
1-2: Ground out U3 (Groundball, 3S)
Bottom of the 6th over - 0 run(s), 1 hit(s), 0 error(s), 2 left on base; Connecticut 2 - Oklahoma 1
TOP OF THE 7TH
Connecticut Huskies batting - Pitching for Oklahoma Sooners : RHP Edwin Cooper
Batting: RHB Michael Cobb 0-0: Called Strike
0-1: Swinging Strike
0-2: Ball
1-2: Strikes out swinging
Pitching: RHP Valentín Pérez
Batting: RHB Ed Gaston 0-0: Called Strike
0-1: Swinging Strike
0-2: Ball
1-2: Strikes out swinging
Batting: RHB Jake Osborn 0-0: Ball
1-0: Ball
2-0: Foul Ball, location: 2F
2-1: Foul Ball, location: 2F
2-2: Ball
3-2: Strikes out swinging
Top of the 7th over - 0 run(s), 0 hit(s), 0 error(s), 0 left on base; Connecticut 2 - Oklahoma 1
BOTTOM OF THE 7TH
Oklahoma Sooners batting - Pitching for Connecticut Huskies : RHP Paul Turner
Batting: LHB Larry Wright 0-0: Ball
1-0: Swinging Strike
1-1: Swinging Strike
1-2: Strikes out swinging
Batting: RHB Scott Williams 0-0: Called Strike
0-1: Foul Ball, location: 2F
0-2: Foul Ball, location: 2F
0-2: Ball
1-2: Ball
2-2: Strikes out swinging
Batting: LHB Tristan Sims 0-0: Ball
1-0: Ground out 4-3 (Groundball, 4)
Bottom of the 7th over - 0 run(s), 0 hit(s), 0 error(s), 0 left on base; Connecticut 2 - Oklahoma 1
TOP OF THE 8TH
Connecticut Huskies batting - Pitching for Oklahoma Sooners : RHP Valentín Pérez
Batting: RHB Thomas Moore 0-0: Ball
1-0: Called Strike
1-1: Called Strike
1-2: Ground out 6-3 (Groundball, 6M)
Batting: RHB Joe Wright 0-0: Called Strike
0-1: Ground out 5-3 (Groundball, 56)
Batting: RHB Carlos Marino 0-0: Called Strike
0-1: Ball
1-1: Foul Ball, location: 2F
1-2: Ground out 4-3 (Groundball, 4)
Top of the 8th over - 0 run(s), 0 hit(s), 0 error(s), 0 left on base; Connecticut 2 - Oklahoma 1
BOTTOM OF THE 8TH
Oklahoma Sooners batting - Pitching for Connecticut Huskies : RHP Paul Turner
Pitching: LHP Marc Valličres
Batting: SHB Ryan Holcomb 0-0: Called Strike
0-1: Swinging Strike
0-2: Strikes out swinging
Pitching: RHP John Gordon
Batting: RHB José Ramos 0-0: Called Strike
0-1: Ball
1-1: Foul Ball, location: 2F
1-2: Foul Ball, location: 2F
1-2: Ball
2-2: Foul Ball, location: 2F
2-2: Fly out, F8 (Flyball, 8RM)
Pitching: RHP Nathan Collins
Batting: SHB César Álvarez 0-0: Called Strike
0-1: Ball
1-1: Ball
2-1: Ball
3-1: Swinging Strike
3-2: Strikes out swinging
Bottom of the 8th over - 0 run(s), 0 hit(s), 0 error(s), 0 left on base; Connecticut 2 - Oklahoma 1
TOP OF THE 9TH
Connecticut Huskies batting - Pitching for Oklahoma Sooners : RHP Valentín Pérez
Batting: RHB Eric Black 0-0: Ball
1-0: Ball
2-0: Called Strike
2-1: Foul Ball, location: 2F
2-2: Strikes out swinging
Batting: SHB Dalton Rowe 0-0: Ball
1-0: Ball
2-0: Ball
3-0: Base on Balls
Pitching: RHP Bob Peterson
Batting: RHB Terry Dalton 0-0: Ball
1-0: Swinging Strike
1-1: Ball
2-1: Foul Ball, location: 2F
2-2: SINGLE (Flyball, 7S)
Dalton Rowe to second
Batting: RHB Michael Cobb 0-0: Ball
Dalton Rowe is caught stealing 3rd base
Terry Dalton to second
1-0: Ball
2-0: Swinging Strike
2-1: Foul Ball, location: 2F
2-2: Foul Ball, location: 2F
2-2: Ball
3-2: Base on Balls
Batting: RHB Ed Gaston 0-0: Foul Ball, location: 2F
0-1: Swinging Strike
0-2: Foul Ball, location: 2F
0-2: Strikes out swinging
Top of the 9th over - 0 run(s), 1 hit(s), 0 error(s), 2 left on base; Connecticut 2 - Oklahoma 1
BOTTOM OF THE 9TH
Oklahoma Sooners batting - Pitching for Connecticut Huskies : RHP Nathan Collins
Pitching: LHP Will Hines
Batting: SHB Donald Reed 0-0: Swinging Strike
0-1: Ball
1-1: Foul Ball, location: 2F
1-2: Strikes out swinging
Batting: RHB Rafael Barajas 0-0: Swinging Strike
0-1: Called Strike
0-2: Ball
1-2: SINGLE (Line Drive, 56D)
Batting: RHB Martín Rodríguez 0-0: Ball
1-0: Called Strike
1-1: Ball
2-1: SINGLE (Flyball, 8RS)
Rafael Barajas to second
Batting: LHB Larry Wright 0-0: Ball
1-0: Swinging Strike
1-1: Ball
2-1: Foul Ball, location: 2F
2-2: Strikes out looking
Batting: RHB Scott Williams 0-0: Called Strike
0-1: Swinging Strike
0-2: Ball
1-2: Strikes out swinging
Bottom of the 9th over - 0 run(s), 2 hit(s), 0 error(s), 2 left on base; Connecticut 2 - Oklahoma 1
Monday, December 5th, 2016 - OOTP Baseball 17.12 Build 75